 Dungeon Crawl Stone Soup version 0.31.0-11-ge490571c62 (webtiles) character file.

Game seed: 248113410258661581

909 MollyMolluskus the Ruffian (level 8, 0/82 HPs)
             Began as an Octopode Fighter on Jan 31, 2024.
             Slain by Edmund
             ... wielding a +4 dire flail of protection
              (14 damage)
             ... on level 6 of the Dungeon.
             The game lasted 00:13:46 (4022 turns).

MollyMolluskus the Ruffian (Octopode Fighter)       Turns: 4022, Time: 00:13:46

Health: 0/82       AC:  5    Str: 23    XL:     8   Next: 8%
Magic:  8/8        EV: 14    Int: 10    God:
Gold:   407        SH: 11    Dex: 12    Spells: 7/7 levels left

rFire   . .          .
                       - Unarmed
rCold   . . .        a - +1 buckler
rNeg    . . .        (helmet restricted)
rPois   .            p - amulet of reflection
rElec   .            c - +6 ring of strength
rCorr   +            f - +4 ring of protection
SInv    .            k - ring of resist corrosion
Will    .....        (no ring) Stlth
                     (no ring)
HPRegen 0.33/turn    (no ring)
MPRegen 0.11/turn    (no ring)
                     (no ring)

%: reflection
@: berserking, very quick
A: almost no armour, amphibious, 8 rings, camouflage 1, gelatinous body 1,
(nimble swimmer 1), tentacles
a: no special abilities


You were on level 6 of the Dungeon.
You visited 1 branch of the dungeon, and saw 6 of its levels.

You collected 407 gold pieces.

Inventory:

Missiles
 d - 39 stones
 h - 6 poisoned darts (quivered)
 i - 4 silver javelins
 j - 2 throwing nets
Armour
 a - a +1 buckler (worn)
Jewellery
 c - a +6 ring of strength (left tentacle)
 f - a +4 ring of protection (right tentacle)
 k - a ring of resist corrosion (on tentacle)
 p - an amulet of reflection (around mantle)
Wands
 n - a wand of paralysis (13)
Scrolls
 m - 2 scrolls of fog
 o - a scroll of immolation
 q - a scroll of poison
Potions
 b - a potion of might
 g - 2 potions of enlightenment {unknown}
 l - a potion of heal wounds {unknown}
 r - a potion of curing {unknown}


   Skills:
 + Level 5.0 Fighting
 + Level 4.9 Dodging
 - Level 4.0 Stealth
 - Level 4.0 Shields
 * Level 5.9 Unarmed Combat


You had 7 spell levels left.
You didn't know any spells.
Your spell library contained the following spells:

 Spells                   Type           Power      Damage    Failure   Level
 Sandblast                Erth           0%         2d4       41%         1
 Ensorcelled Hibernation  Hex/Ice        0%         N/A       56%         2
 Fugue of the Fallen      Necr           0%         N/A       80%         3
 Gell's Gravitas          Tloc           0%         N/A       80%         3
 Passwall                 Erth           0%         N/A       80%         3
 Stone Arrow              Conj/Erth      0%         3d7       80%         3
 Teleport Other           Tloc           0%         N/A       80%         3
 Anguish                  Hex/Necr       0%         N/A       99%         4
 Brom's Barrelling Bould  Conj/Erth      0%         2d3       99%         4
 Dispersal                Tloc           0%         N/A       100%        6


Dungeon Overview and Level Annotations

Branches:
Dungeon (6/15)
 Temple: D:4-7

Altars:
Sif Muna
Trog

Shops:
D:1 [=:([   D:4 (

Annotations:
D:3 2 transporters, uncleiroh's ghost, amateur MiFi
D:6 Edmund


Innate Abilities, Weirdness & Mutations

You cannot wear most types of armour.
You are amphibious.
You can wear up to eight rings at the same time.
Your skin changes colour to match your surroundings (Stealth+).
Your rubbery body absorbs attacks. (AC +1, EV +1)
((You are camouflaged when in or above water. (Stealth+)))
You have tentacles for arms and can constrict up to eight enemies at once.


Message History

Edmund hits you with a +4 dire flail of protection!
You tentacle-slap Edmund but do no damage.
You constrict Edmund.
You tentacle-slap Edmund but do no damage.
Edmund is lightly wounded.
You constrict Edmund.
Edmund hits you with a +4 dire flail of protection!!
You bludgeon Edmund!
Edmund is moderately wounded.
You constrict Edmund.
Edmund hits you with a +4 dire flail of protection!
* * * LOW HITPOINT WARNING * * *
A red film seems to cover your vision as you go berserk!
You feel yourself moving faster!
You feel mighty!
You constrict Edmund. You block Edmund's attack.
Sigmund the Dreaded comes into view.
He is wielding a +0 vampiric scythe.
You tentacle-slap Edmund.
Edmund is heavily wounded.
You constrict Edmund.
Edmund hits you with a +4 dire flail of protection.
* * * LOW HITPOINT WARNING * * *
Sigmund casts a spell at you. The puff of flame misses you.
You bludgeon Sigmund! Your grab misses Sigmund.
Sigmund is moderately wounded.
You constrict Edmund.
Edmund hits you with a +4 dire flail of protection!
* * * LOW HITPOINT WARNING * * *
Sigmund hits you but does no damage.
Unknown command.
You tentacle-slap Sigmund. You grab Sigmund. You squeeze Sigmund!
Sigmund is almost dead.
You constrict Sigmund. You constrict Edmund.
Unknown command.
You bludgeon Sigmund!
You kill Sigmund!
You constrict Edmund.
Edmund hits you with a +4 dire flail of protection!
You die...
Edmund says, "That'll show my brother!"

### #..
#.# #.#
#@# #@#
#.)....#
#.#.##..#
#.#.# +#
. #?. #.
##. # .
..


You could see Edmund.

Vanquished Creatures
  Sigmund (D:6)
  An orc warrior (D:4)
  2 ogres (D:4)
  A phantom (D:5)
  2 scorpions (D:5)
  2 bombardier beetles
  A hound (D:3)
  2 iguanas
  Terence (D:3)
  2 orc wizards
  A sleepcap (D:5)
  4 gnolls (D:2)
  6 adders
  A ribbon worm (D:4)
  5 dart slugs
  5 orcs
  13 ball pythons
  6 bats
  12 endoplasms
  5 giant cockroaches
  7 goblins
  7 hobgoblins
  7 jackals
  6 kobolds
  3 quokkas (D:2)
  6 frilled lizards
  8 rats
117 creatures vanquished.

Notes
Turn   | Place    | Note
-------+----------+-------------------------------------------
     0 | D:1      | MollyMolluskus the Octopode Fighter began the quest for the
                  | Orb.
     0 | D:1      | Reached XP level 1. HP: 16/16 MP: 1/1
    67 | D:1      | Reached XP level 2. HP: 21/21 MP: 2/2
   103 | D:1      | Reached skill level 1 in Stealth
   244 | D:1      | Found Juoroon's Antique Armour Shop.
   291 | D:1      | Found Tajej's Book Shop.
   302 | D:1      | Reached XP level 3. HP: 25/26 MP: 3/3
   302 | D:1      | Found Isavasue's Weapon Shop.
   430 | D:1      | Found Iqale's Jewellery Shoppe.
   830 | D:2      | Reached XP level 4. HP: 28/31 MP: 4/4
  1066 | D:2      | Reached XP level 5. HP: 36/36 MP: 5/5
  1577 | D:3      | Identified the +7 spear of Lanasak {pain, rF- rC+ Int+3}
  1606 | D:3      | Found a transporter.
  1608 | D:3      | Found a transporter.
  1616 | D:3      | Noticed uncleiroh's ghost (amateur MiFi)
  1658 | D:3      | Found a shimmering blue altar of Sif Muna.
  1732 | D:3      | Noticed Terence
  1740 | D:3      | Killed Terence
  1741 | D:3      | Reached XP level 6. HP: 29/43 MP: 6/6
  2187 | D:4      | Found a bloodstained altar of Trog.
  2478 | D:4      | Found Majaboir's Antique Weapon Shoppe.
  2768 | D:4      | Noticed an orc warrior
  2783 | D:4      | Killed an orc warrior
  2784 | D:4      | Reached XP level 7. HP: 18/48 MP: 7/7
  2926 | D:4      | Reached skill level 5 in Unarmed Combat
  3102 | D:5      | Entered Level 5 of the Dungeon
  3746 | D:5      | Reached XP level 8. HP: 54/54 MP: 8/8
  3795 | D:5      | Reached skill level 5 in Fighting
  4013 | D:6      | Noticed Edmund
  4018 | D:6      | Noticed Sigmund
  4022 | D:6      | Killed Sigmund
  4022 | D:6      | Slain by Edmund

Illustrated notes

Levels and vault maps discovered:
D:1:      lightli_arrival_boilingwater, layout_rooms, serial_shops,
          nicolae_shop_tiny_waterfront, nicolae_shop_tiny_real_fake_doors,
          nicolae_book_shop_shelving, nicolae_shop_dealshenge, shop
D:2:      layout_loops_ring
D:3:      layout_loops_ring, nicolae_sif_muna_little_library,
          gammafunk_ghost_gnarly_gnolls, uniq_terence
D:4:      nicolae_BIG_FREAKIN_CUBE, layout_rooms, mainiacjoe_overflow_alcove_2,
          serial_shops, shop, nzn_random_ring
D:5:      layout_loops_corners, minivault_24, corexii_shack
D:6:      nicolae_cairo_tiling_large, layout_loops_ring, slow_altar_2,
          amethyst_overflow_temple_binary, mainiacjoe_overflow_large_starburst,
          chequers_serial_rivers_marsh, minmay_pentangle, uniq_sigmund,
          uniq_duvessa, uniq_edmund, uniq_prince_ribbit1

Skill      XL: |  1  2  3  4  5  6  7  8 |
---------------+-------------------------+-----
Stealth        | 1 2 3 4 |  4.0
Unarmed Combat | 3 4 5 |  5.9
Fighting       | 4 5 |  5.0
Dodging        | 4 |  4.9
Shields        | 4 |  4.0

Action                     |  1- 3 |  4- 6 |  7- 9 || total
---------------------------+-------+-------+-------++-------
  Melee: Unarmed           |    81 |   116 |    49 ||   246
         Tentacles         |    10 |    26 |    12 ||    48
         Constrict         |    20 |    31 |    10 ||    61
         Punch             |     3 |     4 |     4 ||    11
  Throw: Stone             |     1 |     1 |       ||     2
         Dart              |       |     2 |     4 ||     6
         Javelin           |       |       |     1 ||     1
    Use: Scroll            |     4 |     2 |     1 ||     7
         Potion            |       |     1 |     1 ||     2
   Stab: Sleeping          |     4 |    14 |     3 ||    21
 Armour: Skin              |    25 |    30 |    15 ||    70
  Dodge: Dodged            |    30 |    42 |    14 ||    86
  Block: Buckler           |    17 |    29 |    10 ||    56
